 Dungeon Crawl Stone Soup version 0.28-a0-595-g9f6c0e134a (webtiles) character file.

Game seed: 3819251821694998897

14198 Zenkrye the Cleaver (level 11, -2/93 HPs)
             Began as a Palentonga Fighter on Oct 4, 2021.
             Was a High Priest of Nemelex Xobeh.
             Slain by a cane toad (18 damage)
             ... on level 1 of the Lair of Beasts.
             The game lasted 00:38:01 (14329 turns).

Zenkrye the Cleaver (Palentonga Fighter)           Turns: 14329, Time: 00:38:02

Health: -2/93      AC: 26    Str: 23    XL:     11   Next: 85%
Magic:  10/17      EV:  4    Int: 12    God:    Nemelex Xobeh [*****.]
Gold:   894        SH:  5    Dex: 12    Spells: 10/10 levels left

rFire   + . .      SeeInvis +   a - +4 war axe (flame)
rCold   . . .      Faith    .   c - +0 buckler
rNeg    + + .      Spirit   .   D - +5 plate armour "Toawkuf" {Drain rN++ Dex+3 Slay+2}
rPois   +          Reflect  .   E - +1 helmet {Int+3}
rElec   .          Harm     .   F - +0 cloak
rCorr   .          Rampage  .   (no gloves)
Will    .....                   (no barding)
Stlth   ..........              (no amulet)
HPRegen 0.25/turn               o - ring of poison resistance
MPRegen 0.15/turn               f - ring of protection from fire

@: curled up
A: large, rugged brown scales 3, see invisible, deformed body, roll 1, armoured
tail, reflexive curl
a: Rolling Charge, Renounce Religion, Draw Escape, Draw Destruction, Draw
Summoning, Triple Draw, Deal Four, Stack Five


You were on level 1 of the Lair of Beasts.
You worshipped Nemelex Xobeh.
Nemelex Xobeh was extremely pleased with you.
You visited 2 branches of the dungeon, and saw 13 of its levels.
You also visited: Ossuary and Bailey.

You collected 894 gold pieces.

Inventory:

Hand Weapons
 a - a +4 war axe of flaming (weapon)
 b - a +0 hand crossbow
 A - a +4 war axe
Missiles
 j - 120 bolts
 k - a throwing net {!f}
 l - 22 boomerangs (quivered)
 s - 7 curare-tipped darts
 u - 10 javelins
Armour
 c - a +0 buckler (worn)
 q - a +0 tower shield
 D - the +5 plate armour "Toawkuf" (worn) {Drain rN++ Dex+3 Slay+2}
   (You found it in a bailey)

   Dex:       It affects your dexterity (+3).
   Slay:      It affects your accuracy & damage with ranged weapons and melee
   (+2).
   rN:        It greatly protects you from negative energy.
   Drain:     It drains your maximum health when unequipped.
 E - a +1 helmet of intelligence (worn)
 F - a +0 cloak (worn)
Jewellery
 f - a ring of protection from fire (right hand)
 o - a ring of poison resistance (left hand)
Wands
 r - a wand of flame (73)
 v - a wand of digging (5) {@v1}
Scrolls
 i - a scroll of identify {@r1}
 p - 3 scrolls of teleportation {@r3}
 t - 3 scrolls of enchant weapon
 y - 2 scrolls of magic mapping
 C - a scroll of silence
 G - a scroll of brand weapon
Potions
 d - 6 potions of might {@q4}
 e - 3 potions of haste {@q3}
 g - a potion of invisibility
 h - 3 potions of resistance {@q6}
 m - 4 potions of lignification
 n - 7 potions of curing {@q1}
 w - a potion of cancellation
 x - 2 potions of attraction
 z - 4 potions of berserk rage
 B - a potion of mutation
 H - a potion of brilliance


   Skills:
 + Level 8.5 Fighting
 + Level 12.7 Axes
 + Level 6.0 Armour
 + Level 6.0 Shields
 + Level 9.1 Invocations


You had 10 spell levels left.
You didn't know any spells.
Your spell library contained the following spells:

 Spells                   Type           Power      Damage    Failure   Level
 Animate Skeleton         Necr           0%         N/A       99%         1
 Pain                     Necr           0%         1d4       99%         1
 Slow                     Hex            0%         N/A       100%        2
 Sublimation of Blood     Necr           0%         N/A       100%        2
 Confusing Touch          Hex            0%         N/A       100%        3
 Dazzling Flash           Conj/Hex       0%         N/A       100%        3
 Gell's Gravitas          Tloc           0%         N/A       100%        3
 Lesser Beckoning         Tloc           0%         N/A       100%        3
 Portal Projectile        Hex/Tloc       0%         N/A       100%        3
 Teleport Other           Tloc           0%         N/A       100%        3
 Tukima's Dance           Hex            0%         N/A       100%        3
 Vampiric Draining        Necr           0%         2d6       100%        3
 Iskenderun's Mystic Bla  Conj/Tloc      0%         2d3       100%        4
 Passage of Golubria      Tloc           N/A        N/A       100%        4
 Petrify                  Tmut/Erth      0%         N/A       100%        4
 Blade Hands              Tmut           0%         N/A       100%        5
 Excruciating Wounds      Necr           0%         N/A       100%        5
 Irradiate                Conj/Tmut      0%         3d14      100%        5
 Yara's Violent Unravell  Hex/Tmut       0%         3d3       100%        5
 Starburst                Conj/Fire      0%         6d3       100%        6


Dungeon Overview and Level Annotations

Branches:
Dungeon (12/15)            Temple (0/1) D:5            Lair (1/6) D:8
    Orc (0/2) D:10        Ossuary (visited)          Bailey (visited)

Altars:
Nemelex Xobeh
Xom

Annotations:
D:3 3 runed translucent doors, iamoutofideas's ghost, amateur GnWr


Innate Abilities, Weirdness & Mutations

You are completely covered in rugged brown scales. (AC +3, +7% HP)
You have supernaturally acute eyesight. (SInv)
Armour fits poorly on your strangely shaped body.
You can roll at nearby foes to attack.
You have a long armoured tail.
You curl defensively after being hit.


Message History

Really abort (and waste the card)? [Y]es or [N]o only, please.
Really abort (and waste the card)?
Aiming: Pain
Press: ? - help, Shift-Dir - straight line, f/p - eye of devastation
Aim: an eye of devastation (heavily wounded, misshapen and mutated)
The eye of devastation convulses!
You deal a card...
You have dealt the Storm.
A mighty gale blasts forth from the card!
The eye of devastation collides with the floating eye!
You kill the eye of devastation!
You hear violent peals of thunder!
You draw a card...
You have drawn Velocity.
The cane toad seems to slow down.
The floating eye seems to glare at you.
Unknown command.
Unknown command.
You hit the floating eye. You burn the floating eye.
You kill the floating eye!
You hit the cane toad. You burn the cane toad.
The cane toad stings you but does no damage.
You slash the cane toad! You burn the cane toad. You tail-slap the cane toad.
The cane toad is heavily wounded.
The cane toad stings you but does no damage.
You slash the cane toad! You burn the cane toad.
The cane toad is almost dead.
You hit the cane toad. You burn the cane toad.
The cane toad is almost dead.
You block the cane toad's attack.
You barely miss the cane toad.
The cane toad is almost dead.
The cane toad stings you!
* * * LOW HITPOINT WARNING * * *
You barely miss the cane toad.
You tail-slap the cane toad, but do no damage.
The cane toad is almost dead.
You barely miss the cane toad.
The cane toad is almost dead.
The cane toad stings you!!
You die...
Your body glows with a rainbow of weird colours and disappears.

####..# ##.##..#
.####......##
.........##..### ##
####......##...#######P
#.......####..##.##..
##.......###.#...#....
#.........#####.......
#..#F@....# ###.....
#..#......# #.....
.......#.#...### ###...
.....(.####### ##..
....... #.. ...D... ##.
..Fk... ## ....... #
....... #


You could see a cane toad (slow).

Vanquished Creatures
  Harold (D:10)
  3 two-headed ogres
  A cyclops (D:12)
  An eye of devastation (Lair:1)
  A cane toad (Lair:1)
  Psyche (D:9)
  A komodo dragon (Lair:1)
  A rime drake (Lair:1)
  An unseen horror (D:11)
  A troll (D:10)
  Grinder (D:5)
  2 wyverns
  A basilisk (D:8)
  A steam dragon (D:8)
  3 vampire mosquitoes (D:10)
  An acid dragon (D:8)
  2 wargs (D:8)
  2 water moccasins
  A floating eye (Lair:1)
  A sky beast (D:7)
  5 orc warriors
  A black bear (D:8)
  An ice beast (D:6)
  6 ogres
  4 centaurs
  5 kobold brigands
  A phantom (D:4)
  3 bullfrogs
  A wyvern zombie (D:8)
  A gnoll sergeant (D:8)
  2 water moccasin skeletons (D:6)
  15 killer bees (D:8)
  13 wights
  5 howler monkeys
  3 electric eels (D:8)
  A bullfrog zombie (D:5)
  3 hounds
  5 centaur zombies
  A gnoll shaman (D:8)
  An orc priest (D:10)
  3 bullfrog skeletons
  2 jellies
  2 centaur skeletons
  An iguana (D:6)
  Jessica (D:3)
  Terence (D:2)
  9 orc wizards
  A hound zombie (D:5)
  6 mummies
  16 gnolls
  2 howler monkey zombies
  A howler monkey skeleton (D:6)
  12 adders
  2 white imps (D:7)
  2 ufetubi (D:6)
  3 worms
  6 dart slugs
  32 orcs
  7 ball pythons
  6 endoplasms
  8 giant cockroaches
  3 gnoll zombies (Ossuary)
  4 goblins
  4 hobgoblins
  4 jackals
  6 quokkas
  5 bats
  A goblin zombie (D:5)
  2 hobgoblin zombies (Ossuary)
  30 kobolds
  2 kobold zombies (Ossuary)
  An orc zombie (D:5)
  22 rats
311 creatures vanquished.

Vanquished Creatures (collateral kills)
  A hydra (D:7)
  A two-headed ogre (D:12)
  An orc knight (Bailey)
  An ugly thing (D:12)
  A troll (D:12)
  A dream sheep (Bailey)
  2 centaurs (D:12)
  3 mummies (Ossuary)
  A river rat (Bailey)
  A quokka (Bailey)
  A hobgoblin zombie (Ossuary)
  A rat (Bailey)
15 creatures vanquished.

Vanquished Creatures (others)
  2 fungi (Lair:1)
  2 plants (D:8)
4 creatures vanquished.

Grand Total: 330 creatures vanquished

Notes
Turn   | Place    | Note
-------+----------+-------------------------------------------
     0 | D:1      | Zenkrye the Palentonga Fighter began the quest for the Orb.
     0 | D:1      | Reached XP level 1. HP: 19/19 MP: 1/1
   318 | D:1      | Reached XP level 2. HP: 19/25 MP: 2/2
   423 | D:1      | Reached skill level 3 in Axes
   503 | D:1      | Found a faded altar of an unknown god.
   514 | D:1      | Became a worshipper of Nemelex Xobeh the Trickster
   514 | D:1      | Reached * piety under Nemelex Xobeh
   800 | D:1      | Received a gift from Nemelex Xobeh
   906 | D:1      | Reached skill level 1 in Invocations
   916 | D:1      | Reached XP level 3. HP: 26/31 MP: 3/3
  1502 | D:2      | Noticed Terence
  1512 | D:2      | Killed Terence
  1513 | D:2      | Reached XP level 4. HP: 15/37 MP: 5/5
  2113 | D:2      | Reached skill level 4 in Axes
  2362 | D:3      | Reached XP level 5. HP: 10/43 MP: 7/7
  2758 | D:3      | Reached ** piety under Nemelex Xobeh
  2972 | D:3      | Noticed Jessica
  2978 | D:3      | Killed Jessica
  3068 | D:3      | Found a runed translucent gate.
  3069 | D:3      | Found a runed translucent gate.
  3069 | D:3      | Noticed iamoutofideas's ghost (amateur GnWr)
  3070 | D:3      | Found a runed translucent gate.
  3581 | D:4      | Reached skill level 5 in Axes
  3581 | D:4      | Reached XP level 6. HP: 50/50 MP: 7/9
  3682 | D:4      | Received a gift from Nemelex Xobeh
  4496 | D:5      | Entered Level 5 of the Dungeon
  4496 | D:5      | Received a gift from Nemelex Xobeh
  4506 | D:5      | Reached skill level 5 in Invocations
  4664 | D:5      | Reached skill level 6 in Axes
  4664 | D:5      | Gained mutation: You curl defensively after being hit.
                  | [Palentonga growth]
  4664 | D:5      | Reached XP level 7. HP: 53/55 MP: 10/10
  4707 | D:5      | Noticed Edmund
  4709 | D:5      | Noticed Edmund
  4709 | D:5      | Edmund changed into Edmund the gnoll
  4710 | D:5      | Killed Edmund the gnoll
  4773 | D:5      | Reached *** piety under Nemelex Xobeh
  4774 | D:5      | Found a staircase to the Ecumenical Temple.
  4851 | D:5      | Found a sand-covered staircase.
  4856 | D:5      | Reached skill level 7 in Axes
  4983 | Ossuary  | Entered an ossuary
  5534 | Ossuary  | Received a gift from Nemelex Xobeh
  5682 | D:5      | Noticed Grinder
  5699 | D:5      | Killed Grinder
  5700 | D:5      | Reached skill level 8 in Axes
  5700 | D:5      | Reached XP level 8. HP: 53/62 MP: 11/11
  6673 | D:6      | Reached skill level 9 in Axes
  7275 | D:6      | Reached XP level 9. HP: 60/64 MP: 14/14
  7328 | D:6      | Reached skill level 10 in Axes
  8128 | D:7      | Found a flagged portal.
  8200 | Bailey   | Entered a bailey
  8265 | Bailey   | Noticed an orc knight
  8672 | Bailey   | Noticed an orc knight
  8677 | Bailey   | Identified the +5 plate armour "Toawkuf" {Drain rN++ Dex+3
                  | Slay+2}
  8678 | Bailey   | an orc knight changed into a dream sheep
  8697 | Bailey   | Killed an orc knight
  9273 | D:7      | Noticed a six-headed hydra
  9279 | D:7      | Killed a six-headed hydra
  9280 | D:7      | Reached skill level 5 in Fighting
  9280 | D:7      | Reached XP level 10. HP: 79/79 MP: 16/16
  9303 | D:7      | Reached **** piety under Nemelex Xobeh
  9859 | D:8      | Received a gift from Nemelex Xobeh
  9864 | D:8      | Reached skill level 11 in Axes
 10605 | D:8      | Reached skill level 5 in Shields
 10607 | D:8      | Reached skill level 5 in Armour
 10915 | D:8      | Found a staircase to the Lair.
 11182 | D:8      | Found a shimmering altar of Xom.
 11836 | D:9      | Noticed Psyche
 11840 | D:9      | Killed Psyche
 11853 | D:9      | Noticed a two-headed ogre
 11862 | D:9      | Killed a two-headed ogre
 11863 | D:9      | Reached skill level 12 in Axes
 11863 | D:9      | Reached XP level 11. HP: 37/89 MP: 17/17
 12145 | D:9      | Reached ***** piety under Nemelex Xobeh
 12448 | D:10     | Entered Level 10 of the Dungeon
 12465 | D:10     | You fall into a shaft and drop 2 floors!
 12465 | D:12     | Noticed a two-headed ogre
 12465 | D:12     | Received a gift from Nemelex Xobeh
 12468 | D:12     | Noticed a red ugly thing
 12479 | D:12     | Killed a red ugly thing
 12479 | D:12     | Killed a two-headed ogre
 12662 | D:12     | Noticed a death knight
 12783 | D:10     | Noticed a two-headed ogre
 12806 | D:10     | Killed a two-headed ogre
 13053 | D:10     | Noticed a two-headed ogre
 13066 | D:10     | Killed a two-headed ogre
 13190 | D:10     | Found a staircase to the Orcish Mines.
 13216 | D:10     | Received a gift from Nemelex Xobeh
 13228 | D:10     | Noticed Harold
 13236 | D:10     | Killed Harold
 13780 | Lair:1   | Entered Level 1 of the Lair of Beasts
 14283 | Lair:1   | Noticed a seven-headed hydra
 14284 | Lair:1   | Noticed an ice dragon
 14284 | Lair:1   | a seven-headed hydra changed into an ice dragon
 14285 | Lair:1   | Identified the +1 trident of the Devouring Sybil {protect,
                  | Str+4}
 14321 | Lair:1   | an ice dragon changed into an eye of devastation
 14329 | Lair:1   | Slain by a cane toad

Illustrated notes

Levels and vault maps discovered:
D:1:      minmay_arrival_diagonal_passages, layout_basic,
          chequers_ecumenical_altar_simple, minmay_bisected
D:2:      layout_basic, uniq_terence
D:3:      layout_rooms, serial_aquarium, aquarium_bridge_square
          [aquarium_subvault_window, aquarium_subvault_bridge,
          aquarium_subvault_window, aquarium_subvault_bridge],
          aquarium_bridge_straight [aquarium_subvault_bridge,
          aquarium_subvault_wall, aquarium_subvault_bridge,
          aquarium_subvault_window], aquarium_window_1, aquarium_window_fake,
          aquarium_window_fake, aquarium_view_2g, aquarium_view_2c,
          gup_sewer_entry_spiral, gammafunk_ghost_nasty_kobolds,
          minmay_rat_hole, uniq_jessica
D:4:      layout_loops_ring, minmay_misc_feat_nine_boxes
D:5:      cheibrodos_thug_alley, layout_basic, minmay_temple_entry_crystal_x,
          nicolae_ossuary_entry_giza, uniq_edmund, uniq_grinder
D:6:      minmay_diamond_boxcup, layout_loops_cross, minmay_quadrilaterals
D:7:      layout_loops_ring, enter_bailey_7
D:8:      layout_loops_ring, lemuel_tele_altar, erik_lair_orcish_takeover,
          disabler_island
D:9:      layout_cave_pools, uniq_psyche
D:10:     layout_gridville, orc_0_dummy, uniq_harold
D:11:     layout_basic, uniq_grum
D:12:     layout_loops_ring
Lair:1:   layout_cave_pods

Skill      XL: |  1  2  3  4  5  6  7  8  9 10 11 |
---------------+----------------------------------+-----
Axes           | 3 4 5 6 8 9 10 12 | 12.7
Invocations    | 1 2 3 4 5 7 8 9 |  9.1
Shields        | 4 5 6 |  6.0
Fighting       | 5 7 8 |  8.5
Armour         | 4 5 6 |  6.0

Action                   |  1- 3 |  4- 6 |  7- 9 | 10-12 || total
-------------------------+-------+-------+-------+-------++-------
Melee: War axe           |    98 |   216 |   228 |   284 ||   826
       Tailslap          |    11 |    24 |    27 |    36 ||    98
 Fire: Hand crossbow     |       |       |     7 |       ||     7
Throw: Boomerang         |       |    24 |    17 |    31 ||    72
       Dart              |       |       |       |     6 ||     6
       Throwing net      |       |       |       |     1 ||     1
Invok: Draw Destruction  |     2 |     7 |    12 |     9 ||    30
       Draw Summoning    |       |       |     4 |     3 ||     7
       Draw Escape       |       |       |     1 |     4 ||     5
       Deal Four         |       |       |       |     1 ||     1
 Abil: Rolling Charge    |       |     2 |     1 |     5 ||     8
Evoke: Wand              |       |       |       |     4 ||     4
  Use: Scroll            |       |    11 |     6 |     6 ||    23
       Potion            |       |       |     1 |     1 ||     2
Armor: Scale mail        |    44 |    67 |       |       ||   111
       Plate armour      |       |    50 |   138 |   172 ||   360
Dodge: Dodged            |    37 |    65 |    53 |    50 ||   205
Block: Buckler           |    11 |    31 |    49 |    69 ||   160

Table legend: (Time is in decaauts)
 A = Elapsed time spent in this place.
 B = Non-inter-level travel time spent in this place.
 C = Inter-level travel time spent in this place.
 D = Time resting spent in this place.
 E = Time spent auto-exploring this place.
 F = Levels seen in this place.
 G = Mean time per level.
                   A        B        C        D        E       F      G
               +--------+--------+--------+--------+--------+-----+--------+
         Total |  14477 |  14097 |    380 |   1685 |   9946 |  15 |  965.1 |
       Dungeon |  12466 |  12087 |    379 |   1232 |   8834 |  12 | 1038.8 |
          Lair |    546 |    546 |      0 |      0 |    462 |   1 |  546.0 |
       Ossuary |    611 |    611 |      0 |    246 |    276 |   1 |  611.0 |
        Bailey |    853 |    853 |      0 |    207 |    374 |   1 |  853.0 |
               +--------+--------+--------+--------+--------+-----+--------+

Top non-repeatable levels by time:
     D:8: 1578 daAuts
     D:7: 1396 daAuts
     D:5: 1377 daAuts
     D:1: 1360 daAuts
     D:6: 1303 daAuts
     D:2: 1175 daAuts
     D:3: 1112 daAuts
    D:10: 1020 daAuts
     D:4: 977 daAuts
     D:9: 883 daAuts
  Bailey: 853 daAuts
 Ossuary: 611 daAuts
  Lair:1: 546 daAuts
    D:12: 222 daAuts
    D:11: 56 daAuts
